 Dungeon Crawl Stone Soup version 0.31-a0-182-gc5ef74bbde (webtiles) character file.

Game seed: 3616312063520439240

5233 qw the Cleaver (level 10, -7/63 HPs)
             Began as a Gargoyle Fighter on June 21, 2023.
             Was a Priest of Okawaru.
             Mangled by a white ugly thing (28 damage)
             ... on level 9 of the Dungeon.
             The game lasted 00:04:03 (6817 turns).

qw the Cleaver (Gargoyle Fighter)                   Turns: 6817, Time: 00:04:04

Health: -7/63      AC: 24    Str: 24    XL:     10   Next: 61%
Magic:  13/13      EV: 15    Int:  9    God:    Okawaru [***...]
Gold:   428        SH: 12    Dex:  9    Spells: 9/9 levels left

rFire   . . .        Y - +2 war axe (heavy)
rCold   . . .        l - +0 kite shield
rNeg    + . .        j - +0 chain mail
rPois   inf          g - +0 helmet
rElec   +            h - +0 cloak
rCorr   .            e - +1 pair of gloves
SInv    .            (no boots)
Will    .....        p - amulet of regeneration Stlth
                     o - +5 ring of evasion
HPRegen 1.10/turn    (no ring)
MPRegen 0.13/turn

%: no passive effects
@: heroic
A: sickness immunity, AC +7, negative energy resistance 1, electricity
resistance, torment resistance 1, petrification resistance
a: Renounce Religion, Heroism


You were on level 9 of the Dungeon.
You worshipped Okawaru.
Okawaru was most pleased with you.
You visited 2 branches of the dungeon, and saw 10 of its levels.

You collected 428 gold pieces.


Innate Abilities, Weirdness & Mutations

You are immune to sickness and miasma.
Your stone body is resilient. (AC +7)
You are immune to poison.
You resist negative energy. (rN+)
You are resistant to electric shocks. (rElec)
You are resistant to unholy torment.
You are immune to petrification.


   Skills:
 - Level 7.0(12.0) Fighting
 + Level 9.8(14.8) Axes
 - Level 1.2(6.2) Throwing
 - Level 5.0(10.0) Armour
 - Level 1.3(6.3) Dodging
 - Level 9.3(14.3) Shields
 - Level 4.2 Invocations


You had 9 spell levels left.
You didn't know any spells.
Your spell library was empty.

Inventory:

Hand Weapons
 u - a +4 morningstar
 Y - a +2 heavy war axe (weapon)
Missiles
 q - a boomerang (quivered)
Armour
 e - a +1 pair of gloves (worn)
 g - a +0 helmet (worn)
 h - a +0 cloak (worn)
 j - a +0 chain mail (worn)
 l - a +0 kite shield (worn)
 r - a +0 plate armour
Jewellery
 b - a ring of fire
 o - a +5 ring of evasion (left hand)
 p - an amulet of regeneration (around neck)
Scrolls
 f - 2 scrolls of identify
Potions
 a - a potion of resistance
 c - a potion of curing
 d - a potion of might
 i - a potion of mutation
 k - a potion of heal wounds {unknown}
 m - 2 potions of haste
 n - a potion of degeneration {unknown}
 s - a potion of lignification {unknown}
 t - a potion of magic {unknown}

Dungeon Overview and Level Annotations

Branches:
Dungeon (9/15)             Temple (1/1) D:4
   Lair: D:8-11         Orc: D:9-12

Altars:
Ashenzari
Cheibriados
Dithmenos
Elyvilon
Fedhas
Gozag
Hepliaklqana
Kikubaaqudgha
Makhleb
Nemelex Xobeh
Okawaru
Qazlal
Ru
Sif Muna
Trog
Uskayaw
Vehumet
Xom
Zin

Shops:
D:7 :

Annotations:
D:5 exclusion: 2 iguanas


Message History

The centaur warrior hits you but does no damage.
The centaur warrior kicks you but does no damage.
You block the centaur warrior's attack.
The centaur warrior kicks you but does no damage.
You slash the centaur warrior!
The centaur warrior is almost dead.
You block the centaur warrior's attack. The centaur warrior misses you.
You block the centaur warrior's attack.
The centaur warrior kicks you but does no damage.
A white ugly thing comes into view.
The white ugly thing gurgles horribly!
You slice the centaur warrior!!
You kill the centaur warrior!
Okawaru is honoured by your kill.
You hit the orc warrior.
The orc warrior is moderately wounded.
The orc warrior hits you with a +0 trident.
A manticore comes into view.
The orc warrior closely misses you.
You slash the orc warrior!
The orc warrior is heavily wounded.
The orc warrior hits you but does no damage.
You barely miss the orc warrior.
The orc warrior is heavily wounded.
The orc warrior hits you but does no damage.
You slice the orc warrior!!
You kill the orc warrior!
Okawaru accepts your kill.
You slice the white ugly thing!!
The white ugly thing is heavily wounded.
You block the white ugly thing's attack.
You closely miss the white ugly thing.
The white ugly thing is moderately wounded.
The white ugly thing barely misses you.
You slice the white ugly thing!!
The white ugly thing is severely wounded.
The white ugly thing pecks you. The white ugly thing freezes you!!
Ouch! That really hurt!
The white ugly thing pecks you. The white ugly thing freezes you!!
You die...

#... ... ..# # .$.
.# # #.##.## #.
####...##.
#.##(.uC.....
#..##@# .#
#..#.##c# .
#....#.# .#
###.##$# #y
#..######K ##
#...##$.. ..
#....#### .#
##....#.##.##.#..#
##......#.#.....#


You could see a white ugly thing and a cyclops.

Vanquished Creatures
  A centaur warrior (D:9)
  A boulder beetle (D:9)
  Joseph (D:7)
  Sigmund (D:6)
  A wraith (D:6)
  4 yaks (D:8)
  Menkaure (D:7)
  2 orc warriors (D:9)
  3 ice beasts
  A black bear (D:8)
  2 sky beasts
  A centaur (D:6)
  2 ogres
  2 phantoms
  A kobold brigand (D:8)
  3 bullfrogs
  A gnoll sergeant (D:7)
  A scorpion (D:4)
  3 wights (D:9)
  4 killer bees (D:7)
  A howler monkey (D:6)
  A jelly (D:3)
  2 orc priests (D:5)
  2 sleepcaps
  7 iguanas
  9 orc wizards
  A hound zombie (D:4)
  A howler monkey zombie (D:4)
  17 gnolls
  5 adders
  A shadow imp (D:7)
  A white imp (D:8)
  An ufetubus (D:4)
  2 adder zombies (D:4)
  2 worms
  34 orcs
  7 endoplasms
  4 giant cockroaches
  3 goblins (D:4)
  11 hobgoblins
  10 jackals (D:3)
  4 quokkas
  A ball python (D:2)
  5 bats
  A frilled lizard (D:1)
  10 kobolds
  5 rats
184 creatures vanquished.

Notes
Turn   | Place    | Note
-------+----------+-------------------------------------------
     0 | D:1      | qw the Gargoyle Fighter began the quest for the Orb.
     0 | D:1      | Reached XP level 1. HP: 14/14 MP: 1/1
     0 | D:1      | 0 ||| qw: Version: 0.3-a-9-g12657ce
     0 | D:1      | 0 ||| qw: Game counter: 1602
     0 | D:1      | 0 ||| qw: Always use a shield: true
     0 | D:1      | 0 ||| qw: God list: Okawaru
     0 | D:1      | 0 ||| qw: Allow faded altars: false
     0 | D:1      | 0 ||| qw: Do Orc after D:15 true
     0 | D:1      | 0 ||| qw: Do second Lair branch before Depths: true
     0 | D:1      | 0 ||| qw: Lair rune preference: random
     0 | D:1      | 0 ||| qw: Plans: Normal, Zot:1-4, Slime:5, God:TSO, Crypt,
                  | Tomb, Abyss, Pan, Hells, Win
     0 | D:1      | 0 ||| PLANNING D:1-11
   157 | D:1      | Reached XP level 2. HP: 14/19 MP: 2/2
   542 | D:1      | Reached skill level 3 in Axes
   718 | D:1      | 718 ||| UPGRADING to +0 helmet.
   723 | D:1      | 723 ||| READING scroll labelled WIODOAF QETTE.
   724 | D:1      | 724 ||| READING scroll labelled XEITTI UROMME.
   751 | D:2      | 751 ||| Stepping ~*~*~tactically~*~*~ (stealth).
   761 | D:2      | Reached XP level 3. HP: 23/23 MP: 3/3
   912 | D:2      | 912 ||| Stepping ~*~*~tactically~*~*~ (stealth).
   914 | D:2      | 914 ||| Stepping ~*~*~tactically~*~*~ (stealth).
  1075 | D:2      | Reached XP level 4. HP: 27/28 MP: 4/4
  1133 | D:2      | 1133 ||| DROPPING +0 club.
  1581 | D:2      | 1581 ||| Stepping ~*~*~tactically~*~*~ (hiding).
  1582 | D:2      | 1582 ||| Stepping ~*~*~tactically~*~*~ (hiding).
  1592 | D:2      | Reached XP level 5. HP: 27/32 MP: 5/5
  1679 | D:2      | 1679 ||| UPGRADING to +0 pair of gloves.
  1684 | D:2      | 1684 ||| UPGRADING to +0 cloak.
  1689 | D:2      | 1689 ||| UPGRADING to +0 chain mail.
  1699 | D:2      | 1699 ||| DROPPING +0 scale mail.
  1700 | D:2      | 1700 ||| DROPPING +3 scale mail.
  1701 | D:2      | 1701 ||| READING scroll labelled TONAOMNERECK.
  1702 | D:2      | 1702 ||| READING scroll labelled PIXUZO RYEDAD.
  1703 | D:2      | 1703 ||| DRINKING 2 grey potions.
  1704 | D:2      | 1704 ||| DROPPING potion of brilliance.
  1773 | D:3      | Found a faded altar of an unknown god.
  1803 | D:3      | 1803 ||| Stepping ~*~*~tactically~*~*~ (stealth).
  1804 | D:3      | 1804 ||| Stepping ~*~*~tactically~*~*~ (stealth).
  1861 | D:3      | 1861 ||| Stepping ~*~*~tactically~*~*~ (stealth).
  1951 | D:3      | 1951 ||| Stepping ~*~*~tactically~*~*~ (stealth).
  1952 | D:3      | 1952 ||| Stepping ~*~*~tactically~*~*~ (stealth).
  2012 | D:3      | 2012 ||| Stepping ~*~*~tactically~*~*~ (hiding).
  2043 | D:3      | Reached skill level 1 in Throwing
  2043 | D:3      | Reached XP level 6. HP: 38/38 MP: 6/6
  2079 | D:3      | Found a bloodstained altar of Trog.
  2369 | D:3      | 2369 ||| READING scroll labelled XIUFAU WOANN.
  2370 | D:3      | 2370 ||| READING scroll labelled DUMEW XIDELL.
  2407 | D:4      | 2407 ||| Stepping ~*~*~tactically~*~*~ (stealth).
  2414 | D:4      | Found a stormy altar of Qazlal.
  2418 | D:4      | Found a staircase to the Ecumenical Temple.
  2419 | D:4      | 2419 ||| PLANNING TEMPLE
  2419 | D:4      | 2419 ||| DROPPING ring of magical power.
  2440 | Temple   | Entered the Ecumenical Temple
  2441 | Temple   | 2441 ||| PLANNING OKAWARU WORSHIP
  2574 | Temple   | Became a worshipper of Warmaster Okawaru
  2575 | Temple   | 2575 ||| PLANNING D:1-11
  2619 | D:4      | 2619 ||| Stepping ~*~*~tactically~*~*~ (stealth).
  2840 | D:4      | 2840 ||| Stepping ~*~*~tactically~*~*~ (stealth).
  2973 | D:4      | Reached * piety under Okawaru
  2974 | D:4      | Reached skill level 6 in Axes
  2974 | D:4      | Reached XP level 7. HP: 43/43 MP: 7/7
  3232 | D:4      | 3232 ||| READING scroll labelled ZAITUS FIGIR.
  3233 | D:4      | 3233 ||| DRINKING 2 bubbling silvery potions.
  3243 | D:5      | Entered Level 5 of the Dungeon
  3272 | D:5      | Reached skill level 1 in Invocations
  3273 | D:5      | 3273 ||| READING scroll of enchant armour.
  3273 | D:5      | 3273 ||| ENCHANTING +0 pair of gloves.
  3276 | D:5      | Found a shimmering blue altar of Sif Muna.
  3472 | D:5      | 3472 ||| INVOKING Heroism.
  3483 | D:5      | Reached skill level 1 in Dodging
  3765 | D:5      | 3765 ||| Stepping ~*~*~tactically~*~*~ (hiding).
  3862 | D:5      | Found a hide-covered altar of Uskayaw.
  3918 | D:5      | Reached skill level 3 in Invocations
  4027 | D:5      | 4027 ||| Stepping ~*~*~tactically~*~*~ (hiding).
  4029 | D:5      | 4029 ||| Stepping ~*~*~tactically~*~*~ (hiding).
  4032 | D:5      | 4032 ||| INVOKING Heroism.
  4209 | D:5      | 4209 ||| Stepping ~*~*~tactically~*~*~ (hiding).
  4211 | D:5      | 4211 ||| INVOKING Heroism.
  4237 | D:5      | 4237 ||| Stepping ~*~*~tactically~*~*~ (stealth).
  4238 | D:5      | 4238 ||| Stepping ~*~*~tactically~*~*~ (stealth).
  4283 | D:5      | Reached XP level 8. HP: 48/48 MP: 10/10
  4288 | D:5      | 4288 ||| UPGRADING to amulet of regeneration.
  4293 | D:5      | 4293 ||| DROPPING amulet of the acrobat.
  4294 | D:5      | 4294 ||| UPGRADING to +5 ring of evasion.
  4295 | D:5      | 4295 ||| READING scroll labelled GYDERE TAOWK.
  4296 | D:5      | 4296 ||| DRINKING 2 golden potions.
  4371 | D:6      | 4371 ||| Stepping ~*~*~tactically~*~*~ (stealth).
  4380 | D:6      | 4380 ||| DRINKING potion of curing.
  4380 | D:6      | 4380 ||| (to cure confusion)
  4404 | D:6      | 4404 ||| INVOKING Heroism.
  4407 | D:6      | Noticed a wraith
  4425 | D:6      | Killed a wraith
  4491 | D:6      | Noticed Sigmund
  4492 | D:6      | 4492 ||| Stepping ~*~*~tactically~*~*~ (hiding).
  4495 | D:6      | 4495 ||| INVOKING Heroism.
  4531 | D:6      | Killed Sigmund
  4613 | D:6      | 4613 ||| Stepping ~*~*~tactically~*~*~ (hiding).
  4614 | D:6      | 4614 ||| Stepping ~*~*~tactically~*~*~ (hiding).
  4632 | D:6      | 4632 ||| DROPPING +0 flail.
  4823 | D:6      | 4823 ||| INVOKING Heroism.
  4831 | D:6      | Reached XP level 9. HP: 40/55 MP: 9/12
  4991 | D:6      | 4991 ||| READING 2 scrolls labelled UGGOCW UKLUUKH.
  4992 | D:6      | 4992 ||| READING scroll of brand weapon.
  4992 | D:6      | 4992 ||| BRANDING +0 war axe of freezing.
  4993 | D:6      | 4993 ||| READING scroll labelled CINEMMUUQU.
  4994 | D:6      | 4994 ||| READING 3 scrolls of identify.
  4994 | D:6      | 4994 ||| IDENTIFYING clear potion
  4995 | D:6      | 4995 ||| READING 2 scrolls of identify.
  4995 | D:6      | 4995 ||| IDENTIFYING puce potion
  5046 | D:7      | Reached skill level 6 in Fighting
  5056 | D:7      | Reached ** piety under Okawaru
  5083 | D:7      | 5083 ||| Stepping ~*~*~tactically~*~*~ (hiding).
  5176 | D:7      | Found Qoeskuv's Book Shoppe.
  5197 | D:7      | Reached skill level 9 in Axes
  5256 | D:7      | Noticed Joseph
  5257 | D:7      | 5257 ||| Stepping ~*~*~tactically~*~*~ (hiding).
  5258 | D:7      | 5258 ||| Stepping ~*~*~tactically~*~*~ (hiding).
  5265 | D:7      | Killed Joseph
  5287 | D:7      | 5287 ||| Stepping ~*~*~tactically~*~*~ (stealth).
  5292 | D:7      | Noticed Menkaure
  5293 | D:7      | 5293 ||| INVOKING Heroism.
  5295 | D:7      | 5295 ||| Stepping ~*~*~tactically~*~*~ (hiding).
  5297 | D:7      | 5297 ||| Stepping ~*~*~tactically~*~*~ (hiding).
  5299 | D:7      | 5299 ||| Stepping ~*~*~tactically~*~*~ (hiding).
  5301 | D:7      | 5301 ||| Stepping ~*~*~tactically~*~*~ (hiding).
  5308 | D:7      | Killed Menkaure
  5417 | D:7      | 5417 ||| Stepping ~*~*~tactically~*~*~ (hiding).
  5423 | D:7      | 5423 ||| FLEEEEING.
  5424 | D:7      | 5424 ||| FLEEEEING.
  5988 | D:7      | 5988 ||| Stepping ~*~*~tactically~*~*~ (stealth).
  6007 | D:7      | 6007 ||| UPGRADING to +0 kite shield.
  6017 | D:7      | 6017 ||| DROPPING +0 buckler.
  6018 | D:7      | 6018 ||| READING scroll labelled ZANGOSHRECAC.
  6211 | D:8      | 6211 ||| INVOKING Heroism.
  6220 | D:8      | Reached skill level 6 in Shields
  6303 | D:8      | Reached *** piety under Okawaru
  6306 | D:8      | Reached XP level 10. HP: 52/61 MP: 13/13
  6585 | D:8      | 6585 ||| READING 2 scrolls of identify.
  6585 | D:8      | 6585 ||| IDENTIFYING silvery potion
  6586 | D:8      | 6586 ||| DROPPING potion of berserk rage.
  6631 | D:9      | 6631 ||| INVOKING Heroism.
  6652 | D:9      | 6652 ||| DROPPING +0 morningstar.
  6680 | D:9      | 6680 ||| READING scroll of enchant weapon.
  6680 | D:9      | 6680 ||| ENCHANTING +1 heavy war axe.
  6723 | D:9      | Noticed a boulder beetle
  6724 | D:9      | 6724 ||| INVOKING Heroism.
  6746 | D:9      | 6746 ||| INVOKING Heroism.
  6751 | D:9      | Killed a boulder beetle
  6752 | D:9      | Reached skill level 9 in Shields
  6798 | D:9      | Noticed a centaur warrior
  6802 | D:9      | Noticed a cyclops
  6803 | D:9      | 6803 ||| INVOKING Heroism.
  6804 | D:9      | 6804 ||| Stepping ~*~*~tactically~*~*~ (stealth).
  6809 | D:9      | Noticed a white ugly thing
  6810 | D:9      | Killed a centaur warrior
  6811 | D:9      | Noticed a manticore
  6817 | D:9      | Mangled by a white ugly thing

Levels and vault maps discovered:
D:1:      dpeg_arrival_radiant, layout_basic
D:2:      layout_basic, chequers_serial_rivers_micro_d,
          kennysheep_generic_room_9
D:3:      layout_rooms, lemuel_doored_altar, chequers_ecumenical_altar_grove,
          minmay_quadrilaterals
D:4:      layout_cave_pools, mainiacjoe_overflow_catwalk,
          minmay_temple_entry_glass, serial_undead, serial_undead_c,
          serial_undead_f, serial_undead_f, serial_undead_d,
          nicolae_letterblocks [nicolae_letter_subblock,
          nicolae_letter_subblock, nicolae_letter_subblock,
          nicolae_letter_subblock, nicolae_letter_subblock,
          nicolae_letter_subblock, nicolae_letter_subblock,
          nicolae_letter_subblock, nicolae_letter_subblock,
          nicolae_letter_subblock, nicolae_letter_subblock,
          nicolae_letter_subblock, nicolae_letter_subblock,
          nicolae_letter_subblock, nicolae_letter_subblock,
          nicolae_letter_subblock, nicolae_letter_subblock,
          nicolae_letter_subblock, nicolae_letter_subblock,
          nicolae_letter_subblock, nicolae_letter_subblock,
          nicolae_letter_subblock, nicolae_letter_subblock,
          nicolae_letter_subblock, nicolae_letter_subblock]
D:5:      layout_basic, mainiacjoe_overflow_paths,
          nicolae_sif_muna_condensation, hex_intersection, grunt_ministairs_14
D:6:      layout_loops_ring, minmay_misc_feat_square, minmay_microvault,
          uniq_sigmund
D:7:      layout_cave_pods, serial_shops, shop, uniq_menkaure, uniq_joseph
D:8:      layout_gridville
D:9:      layout_rooms, grunt_temple_overflow_holy_war, marbit_many_paths,
          minmay_fractal_squares_gapless_7, uniq_prince_ribbit1
Temple:   nicolae_temple_superstar

Skill      XL: |  1  2  3  4  5  6  7  8  9 10 |
---------------+-------------------------------+-----
Axes           | 2 3 4 5 6 8 9 |  9.8
Throwing       | 1 |  1.2
Fighting       | 4 5 6 7 |  7.0
Invocations    | 3 4 |  4.2
Dodging        | 1 |  1.3
Armour         | 4 5 |  5.0
Shields        | 7 9 |  9.3

Action                     |  1- 3 |  4- 6 |  7- 9 | 10-12 || total
---------------------------+-------+-------+-------+-------++-------
  Melee: War axe           |    70 |   184 |   267 |    39 ||   560
  Throw: Javelin           |       |    18 |     6 |       ||    24
         Boomerang         |       |       |     2 |    13 ||    15
 Invoke: Heroism           |       |       |     8 |     4 ||    12
    Use: Scroll            |     2 |     4 |     9 |     2 ||    17
         Potion            |       |     1 |     3 |       ||     4
 Armour: Scale mail        |    30 |    29 |       |       ||    59
         Chain mail        |       |   110 |   168 |    29 ||   307
  Dodge: Dodged            |    38 |    59 |   147 |    17 ||   261
  Block: Buckler           |    12 |    41 |    37 |       ||    90
         Kite shield       |       |       |    24 |    20 ||    44

Table legend:
 A = Non-vault XP
 B = Vault XP
 C = Vault XP percentage of total XP
 D = Non-vault monster count
 E = Vault monster count
 F = Vault count percentage of total count
                 A         B        C        D         E       F
            +---------+---------+-------+---------+---------+-------
      Total |    5203 |    2273 |  30.4 |     163 |      21 |  11.4
            +---------+---------+-------+---------+---------+-------
        D:1 |      31 |       0 |   0.0 |      11 |       0 |   0.0
        D:2 |     145 |       1 |   0.7 |      28 |       1 |   3.4
        D:3 |      71 |      82 |  53.6 |      18 |       7 |  28.0
        D:4 |     237 |     148 |  38.4 |      18 |       5 |  21.7
        D:5 |     466 |      37 |   7.4 |      13 |       2 |  13.3
        D:6 |     718 |     425 |  37.2 |      19 |       2 |   9.5
        D:7 |    1088 |     599 |  35.5 |      29 |       2 |   6.5
        D:8 |    1255 |       0 |   0.0 |      21 |       0 |   0.0
        D:9 |    1192 |     981 |  45.1 |       6 |       2 |  25.0
            +---------+---------+-------+---------+---------+-------
